AoeStats
← BigCabanossi

Hill Fort

506098014Analyzed
2v2 RM · 21d ago on Sep 12, 2026· 31m 39s· 4 players
Game mode
Random Map
Map size
Medium (4 player)
Population
200
Speed
Normal
Resources
Standard
Victory
Conquest
Starting age
Dark Age
Ending age
Imperial Age
RankedLock teamsTeams togetherTeam positionsShared explorationLock speedFull tech treeHidden civsTurbo modeCheats
Victory
Defeat
🇦🇺 Magyars · Australia
822
+19
🇦🇺 Japanese · Australia
821
+26
🇸🇮 Britons · Slovenia
851
-17
🇪🇸 Huns · Spain
818
-16
N3PHO
7:22 Loom
10:11 Feudal Age
10:57 Double-Bit Axe
10:53 Horse Collar
20:27 Castle Age
19:41 Scale Barding Armor
20:36 Bloodlines
21:20 Wheelbarrow
21:17 Bow Saw
21:10 Heavy Plow
22:22 Husbandry
24:32 Gold Mining
27:51 Chain Barding Armor
30:46 Town Watch
30:55 Fletching
BigCabanossi
1:24 Loom
3:32 Loom
11:56 Feudal Age
12:41 Horse Collar
12:51 Double-Bit Axe
14:59 Wheelbarrow
22:53 Castle Age
20:41 Loom
22:10 Forging
26:15 Elite Skirmisher
29:31 Iron Casting
30:29 Bow Saw
gregor.rus14
9:47 Feudal Age
10:48 Double-Bit Axe
17:36 Fletching
21:57 Castle Age
20:15 Padded Archer Armor
22:41 Crossbowman
23:19 Bodkin Arrow
albertondt
9:13 Loom
10:59 Feudal Age
13:15 Double-Bit Axe
20:01 Castle Age
17:47 Horse Collar
20:49 Forging
20:53 Town Watch
21:52 Wheelbarrow
22:47 Bloodlines
22:50 Scale Barding Armor
29:11 Scale Mail Armor
29:47 Iron Casting
30:14 Chain Mail Armor
30:19 Pikeman
Connection lost

Rejoining the realm…

Still unreachable

The connection could not be restored.

Session expired

The server has moved on; the page needs a fresh start.